Map: Ulrena

Players

KODIAK

  • Race: Protoss Protoss
  • League: Platinum

Sylnse - Winner!

  • Race: Terran Terran
  • League: Platinum

VOD

Have the link to the VOD?

Description

Time

  • Played on: Feb. 19, 2016, 7:41 p.m.
  • Length: 6:32
Show
View Real Time Build Order
Export as new Build Order

KODIAK Protoss 

Build Orders: Mass Adepts 

Get SALT Encoding   

  12  0:02  Probe (Chrono Boost)  
  13  0:12  Probe (Chrono Boost)  
  14  0:17  Pylon  
  14  0:23  Probe (Chrono Boost)  
  16  0:36  Probe (Chrono Boost)  
  16  0:39  Gateway  
  16  0:46  Assimilator  
  16  0:49  Probe (Chrono Boost)  
  17  0:57  Pylon  
  17  1:01  Probe (Chrono Boost)  
  19  1:11  Probe (Chrono Boost)  
  19  1:18  Pylon  
  19  1:22  Probe (Chrono Boost)  
  20  1:27  Cybernetics Core  
  20  1:39  Gateway  
  20  1:47  Assimilator, Probe (Chrono Boost)  
  21  1:58  Probe (Chrono Boost)  
  22  2:03  Warp Gate (Chrono Boost)  
  22  2:09  Probe  
  22  2:11  Gateway  
  23  2:19  Gateway  
  23  2:27  Mothership Core  
  25  2:37  Stargate  
  25  3:00  Adept x2  
  25  3:02  Adept  
  31  3:06  Adept  
  31  3:10  Pylon  
  33  3:20  Pylon  
  33  3:33  Void Ray (Chrono Boost)  
  37  4:05  Adept x2  
  41  4:12  Adept  
  41  4:14  Void Ray (Chrono Boost)  
  47  4:17  Adept  
  47  4:24  Pylon  
  49  4:31  Adept  
  49  4:37  Adept  
  53  4:45  Pylon  
  53  4:51  Adept  
  55  4:58  Adept  
  57  5:05  Adept  
  43  5:43  Adept x3  
  43  5:44  Adept  
  51  6:12  Adept x3  
  51  6:13  Adept  
Show
View Real Time Build Order
Export as new Build Order

Sylnse Terran - Winner!

Build Orders:  

Get SALT Encoding   

  12  0:01  SCV  
  13  0:16  SCV  
  14  0:22  Supply Depot  
  15  0:28  SCV  
  15  0:44  SCV  
  15  0:45  Barracks  
  16  0:56  SCV  
  17  0:59  Refinery  
  17  1:08  SCV  
  18  1:20  SCV  
  19  1:32  Orbital Command  
  19  1:33  Marine  
  20  1:42  Command Center  
  20  1:50  Supply Depot  
  20  1:54  Reaper  
  20  2:00  Refinery  
  21  2:07  SCV  
  22  2:21  Bunker  
  22  2:23  SCV  
  22  2:29  Engineering Bay  
  23  2:36  Barracks Reactor, SCV  
  24  2:48  SCV  
  25  2:57  Missile Turret  
  25  2:58  Terran Infantry Weapons Level 1  
  25  3:03  Barracks  
  25  3:05  Orbital Command  
  25  3:06  SCV  
  26  3:14  Marine x2  
  26  3:18  SCV  
  29  3:31  Orbital Command  
  29  3:32  SCV  
  29  3:34  Missile Turret  
  30  3:35  Marine x2  
  30  3:38  Barracks  
  32  3:55  Marine x2  
  34  3:56  Missile Turret, Barracks Reactor, Bunker  
  34  3:58  SCV  
  34  3:59  SCV  
  36  4:05  Bunker  
  36  4:12  SCV  
  37  4:20  SCV  
  38  4:27  SCV  
  38  4:28  Barracks Tech Lab  
  39  4:34  SCV  
  39  4:37  Missile Turret  
  40  4:39  Marine x4  
  44  4:47  SCV  
  44  4:48  SCV  
  46  5:00  Supply Depot  
  46  5:01  Supply Depot  
  46  5:04  Marauder, SCV, Marine x2  
  52  5:07  SCV  
  52  5:17  SCV  
  53  5:27  Marine x2  
  53  5:28  Marauder  
  54  5:32  Marine x2  
  56  5:46  Marine  
  56  5:48  SCV x2  
  56  5:49  Marauder  
  61  5:53  Marine x2  
  63  6:11  Marauder, SCV x2  
Tags
 
Add a new tag
Caveats
  • Supply blocks, unpowered buildings, or Contaminate may cause inaccurate times.
  • Supply counts are checked every 10 seconds.